 Dungeon Crawl Stone Soup version 0.19.1-1-g22dce08 (webtiles) character file.

52 Gorglomux the Shooter (level 3, 0/30 HPs)
             Began as a Centaur Hunter on Jan 2, 2017.
             Succumbed to an adder's poison
             ... on level 2 of the Dungeon.
             The game lasted 00:02:57 (1824 turns).

Gorglomux the Shooter (Centaur Hunter)              Turns: 1824, Time: 00:02:58

Health: 0/30       AC:  4    Str: 15    XL:     3   Next: 60%
Magic:  8/12       EV: 14    Int: 15    God:
Gold:   40         SH:  0    Dex: 14    Spells: 0 memorised, 2 levels left

rFire  . . .     SeeInvis .     b - +0 short sword
rCold  . . .     Gourm    .     c - +0 leather armour
rNeg   . . .     Faith    .     (no shield)
rPois  .         Spirit   .     (no helmet)
rElec  .         Reflect  .     (no cloak)
rCorr  .         Harm     .     (no gloves)
MR     .....                    (no barding)
Stlth  ++........               n - amulet of magic regeneration
                                (no ring)
                                e - ring of magical power

@: brilliant, agile, lethally poisoned (0 -> -11), very quick
A: hooves 3, deformed body, speed 2, tough skin 3
a: no special abilities


You were on level 2 of the Dungeon.
You were not hungry.

You visited 1 branch of the dungeon, and saw 2 of its levels.

You collected 40 gold pieces.

Inventory:

Hand Weapons
 a - a +1 shortbow
 b - a +0 short sword (weapon)
Missiles
 d - 74 arrows
Armour
 c - a +0 leather armour (worn)
Jewellery
 e - a ring of magical power (left hand)
 n - an amulet of magic regeneration (around neck)
Scrolls
 g - a scroll of recharging {unknown}
 h - a scroll of random uselessness {unknown}
 i - a scroll of remove curse
 j - a scroll of amnesia {unknown}
 o - a scroll of enchant weapon {unknown}
 p - a scroll of identify {unknown}
 q - a scroll of enchant armour {unknown}
Potions
 l - a potion of brilliance
Comestibles
 f - 2 bread rations
 k - a beef jerky
 r - a chunk of flesh


   Skills:
 + Level 2.6 Fighting
 * Level 6.6 Bows
 - Level 1.3 Dodging
 - Level 0.4 Stealth


You had 2 spell levels left.
You didn't know any spells.

Dungeon Overview and Level Annotations

Branches:
Dungeon (2/15)

Altars:


Innate Abilities, Weirdness & Mutations

You have hooves in place of feet.
Armour fits poorly on your strangely shaped body.
You cover ground very quickly.
You have extremely tough skin. (AC +3)


Message History

You feel sick.
A hobgoblin comes into view. It is wielding a club.
It was a potion of brilliance.
You feel clever all of a sudden.
* * * LOW HITPOINT WARNING * * *
You feel sick.
The hobgoblin shouts!
The adder bites you.
* * * LOW HITPOINT WARNING * * *
You are more poisoned.
The adder poisons you!
It was a potion of agility.
You feel agile all of a sudden.
* * * LOW HITPOINT WARNING * * *
You feel sick. The adder barely misses you.
Okay, then.
Okay, then.
* * * LOW HITPOINT WARNING * * *
You feel sick.
You die...

...............#....##.#
..............(.(#..##..
.....<.........#..(.####
.###...##"########.##
#...#### #..# #...# ##†#
#...# #†# ..###..[##
#<### #.....@.# #.#..
#.##....### #######.<..
#.###g.S..# #.........#
........#.###.####.#...
#.#............. #....#
#.#.#.#.###.#.##.#..#
.......#.# #......#...
###.#.... # ####.###...
#.#.#.# #.# ####


You could see an adder and a hobgoblin.

Vanquished Creatures
  An adder (D:1)
  2 dart slugs (D:1)
  3 leopard geckos (D:1)
  A ball python (D:1)
  2 giant cockroaches (D:1)
  4 goblins
  A hobgoblin (D:1)
  2 jackals (D:1)
  A quokka (D:2)
  9 bats
  4 frilled lizards (D:1)
  2 kobolds (D:2)
  4 rats
36 creatures vanquished.

Notes
Turn   | Place    | Note
-------+----------+-------------------------------------------
     0 | D:1      | Gorglomux the Centaur Hunter began the quest for the Orb.
     0 | D:1      | Reached XP level 1. HP: 17/17 MP: 1/1
   334 | D:1      | Reached XP level 2. HP: 18/24 MP: 2/2
   652 | D:1      | Reached skill level 6 in Bows
   899 | D:1      | Reached XP level 3. HP: 15/30 MP: 3/3
  1517 | D:2      | Noticed a dagger
  1517 | D:2      | Noticed a hand axe
  1822 | D:2      | HP: 1/30 [poisoned by an adder]
  1824 | D:2      | Succumbed to an adder's poison

Skill      XL: |  1  2 |
---------------+-------+-----
Bows           | 6 |  6.6
Fighting       | |  2.6
Dodging        | |  1.3
Stealth        | |  0.4

Action                   || total
-------------------------++-------
Melee: Short sword       ||   133
       Kick              ||    23
  Use: Potion            ||     2
       Scroll            ||     1
  Eat: Chunk             ||     2
Armor: Leather armour    ||    61
Dodge: Dodged            ||    71
